AoeStats
← Tinchi88

MegaRandom

509909181Analyzed
4v4 RM · 3d ago on Sep 28, 2026· 43m 23s· 8 players
Game mode
Random Map
Map size
Large (8 player)
Population
200
Speed
Normal
Resources
Standard
Victory
Conquest
Starting age
Dark Age
Ending age
Imperial Age
RankedLock teamsTeams togetherTeam positionsShared explorationLock speedFull tech treeHidden civsTurbo modeCheats
Victory
Defeat
🇲🇦 Cumans · Morocco
1246
+14
🇦🇺 Persians · Australia
1235
+15
🇨🇳 Burgundians · China
1213
+16
🇲🇾 Celts · Malaysia
1191
+16
🇩🇪 Mongols · Germany
1223
-16
🇦🇪 Hindustanis · United Arab Emirates
1209
-15
🇩🇪 Huns · Germany
1205
-15
🇦🇪 Wei · United Arab Emirates
1191
-15
長安
10:48 Feudal Age
14:30 Castle Age
12:41 Horse Collar
13:25 Double-Bit Axe
13:40 Loom
14:41 Town Watch
15:34 Bow Saw
17:10 Wheelbarrow
22:15 Gold Mining
23:00 Stone Mining
24:04 Ballistics
23:48 Heavy Plow
29:39 Imperial Age
28:17 Hand Cart
29:49 Gold Shaft Mining
29:53 Stone Shaft Mining
32:01 Chemistry
31:15 Furor Celtica
31:04 Capped Ram
31:19 Heavy Scorpion
32:03 Fletching
32:38 Siege Ram
34:35 Bodkin Arrow
36:08 Conscription
35:59 Siege Engineers
38:17 Elite Woad Raider
39:34 Hoardings
40:12 Masonry
40:04 Scale Mail Armor
40:37 Stronghold
41:33 Forging
41:40 Chain Mail Armor
42:50 Iron Casting
42:19 Padded Archer Armor
42:51 Plate Mail Armor
42:26 Arson
42:27 Gambesons
42:03 Pikeman
42:03 Man-at-Arms
45:02 Blast Furnace
。。。。
4:08 Double-Bit Axe
7:15 Loom
9:59 Feudal Age
16:46 Town Watch
19:07 Castle Age
19:17 Castle Age
17:47 Gold Mining
18:08 Bow Saw
18:27 Forging
19:31 Gold Shaft Mining
18:40 Horse Collar
19:07 Scale Mail Armor
19:15 Scale Barding Armor
19:22 Cavalier
21:11 Husbandry
21:48 Iron Casting
28:44 Town Watch
35:38 Imperial Age
33:32 Chain Barding Armor
37:14 Wheelbarrow
36:40 Stone Mining
37:52 Blast Furnace
37:50 Paladin
42:11 Hand Cart
43:02 Coinage
42:52 Guilds
No-One-Knows-Me
5:02 Loom
10:06 Feudal Age
15:54 Gold Mining
21:20 Castle Age
20:02 Double-Bit Axe
21:41 Horse Collar
23:15 Wheelbarrow
24:27 Scale Barding Armor
26:00 Bloodlines
26:26 Town Watch
28:12 Forging
29:14 Gold Shaft Mining
29:24 Bow Saw
29:50 Heavy Plow
30:01 Stone Mining
35:32 Chain Barding Armor
35:48 Iron Casting
37:12 Fletching
40:20 Imperial Age
39:53 Padded Archer Armor
39:54 Bodkin Arrow
40:23 Cavalier
42:26 Plate Barding Armor
42:52 Blast Furnace
42:14 Paladin
rAiDz
9:19 Loom
11:41 Feudal Age
16:17 Castle Age
15:19 Wheelbarrow
14:30 Double-Bit Axe
15:19 Horse Collar
17:30 Heavy Plow
17:41 Bow Saw
18:59 Hand Cart
18:46 Fishing Lines
25:10 Gold Mining
30:35 Imperial Age
27:52 Town Watch
27:59 Stone Mining
28:44 Gold Shaft Mining
28:16 Scale Barding Armor
28:21 Forging
29:03 Gillnets
32:16 Conscription
31:17 Elite War Elephant
32:19 Chain Barding Armor
32:34 Iron Casting
32:00 Husbandry
32:11 Bloodlines
34:16 Plate Barding Armor
35:52 Blast Furnace
35:29 Crop Rotation
36:10 Two-Man Saw
Tinchi88
6:58 Loom
9:12 Feudal Age
9:46 Double-Bit Axe
10:00 Horse Collar
16:28 Wheelbarrow
20:35 Castle Age
20:01 Forging
19:47 Gold Mining
20:11 Bloodlines
20:46 Scale Barding Armor
21:53 Bow Saw
22:08 Husbandry
23:18 Gold Shaft Mining
27:47 Bow Saw
29:42 Iron Casting
31:39 Fletching
32:52 Chain Barding Armor
32:30 Stone Mining
33:52 Hand Cart
33:37 Bodkin Arrow
38:12 Imperial Age
36:21 Padded Archer Armor
38:57 Ballistics
38:19 Treadmill Crane
38:38 Heavy Hei Guang Cavalry
40:20 Blast Furnace
39:46 Conscription
40:18 Ming Guang Armor
40:33 Ming Guang Armor
Showtime
12:18 Feudal Age
10:55 Loom
13:02 Double-Bit Axe
17:36 Castle Age
15:37 Stone Mining
18:31 Bow Saw
20:47 Horse Collar
23:24 Heavy Plow
25:00 Husbandry
25:51 Wheelbarrow
25:02 Town Watch
26:53 Hand Cart
28:17 Fervor
28:20 Fletching
28:25 Gold Mining
29:12 Bloodlines
29:05 Bodkin Arrow
30:14 Padded Archer Armor
31:09 Gold Shaft Mining
31:11 Stone Shaft Mining
33:29 Imperial Age
31:32 Leather Archer Armor
34:19 Coinage
33:57 Scale Barding Armor
34:03 Forging
33:27 Light Cavalry
34:21 Bracer
34:27 Bracer
34:11 Elite Mangudai
35:24 Ballistics
35:49 Conscription
36:22 Thumb Ring
36:43 Parthian Tactics
37:19 Banking
Argentum
4:31 Loom
6:29 Loom
11:44 Feudal Age
14:21 Double-Bit Axe
17:12 Castle Age
15:35 Horse Collar
18:18 Bow Saw
23:51 Heavy Plow
26:13 Bloodlines
27:16 Scale Barding Armor
27:22 Forging
29:07 Chain Barding Armor
28:50 Husbandry
29:49 Iron Casting
31:27 Wheelbarrow
30:39 Town Watch
31:20 Marauders
33:59 Imperial Age
33:08 Gold Mining
ParaBellum
9:21 Loom
11:40 Feudal Age
17:03 Castle Age
17:23 Bloodlines
17:20 Scale Barding Armor
19:56 Husbandry
21:00 Town Watch
21:03 Double-Bit Axe
22:40 Forging
23:11 Horse Collar
25:01 Wheelbarrow
27:29 Hand Cart
29:48 Chain Barding Armor
31:29 Gold Mining
32:35 Bow Saw
33:10 Iron Casting
37:51 Imperial Age
38:27 Sanctity
38:08 Heavy Camel Rider
39:25 Plate Barding Armor
41:37 Blast Furnace
41:31 Conscription
Connection lost

Rejoining the realm…

Still unreachable

The connection could not be restored.

Session expired

The server has moved on; the page needs a fresh start.